 Dungeon Crawl Stone Soup version 0.30-a0-956-gcec3b41aec (webtiles) character file.

Game seed: 3504602312147774323

2445 DeathPants the Cleaver (level 9, 0/80 HPs)
             Began as a Minotaur Fighter on Mar 29, 2023.
             Slain by a steam dragon (3 damage)
             ... on level 7 of the Dungeon.
             The game lasted 00:15:15 (5307 turns).

DeathPants the Cleaver (Minotaur Fighter)           Turns: 5307, Time: 00:15:15

Health: 0/80       AC: 12    Str: 25    XL:     9   Next: 25%
Magic:  8/8        EV:  8    Int:  5    God:
Gold:   245        SH: 10    Dex: 10    Spells: 8/8 levels left

rFire   . . .      SeeInvis .    a - +1 war axe
rCold   + . .      Faith    .    c - +0 buckler
rNeg    . . .      Spirit   .    d - +0 chain mail
rPois   +          Reflect  +    (helmet restricted)
rElec   .          Rampage  .    s - +0 cloak
rCorr   .                        (no gloves)
Will    .....                    (no boots) Stlth
                                 l - amulet of reflection
HPRegen 0.33/turn                t - ring of protection from cold
MPRegen 0.11/turn                w - ring of poison resistance

@: no status effects
A: horns 2, retaliatory headbutt
a: no special abilities


You were on level 7 of the Dungeon.
You visited 2 branches of the dungeon, and saw 9 of its levels.

You collected 245 gold pieces.

Inventory:

Hand Weapons
 a - a +1 war axe (weapon)
Missiles
 f - 5 atropa-tipped darts
 h - 8 poisoned darts (quivered)
 v - a throwing net
Armour
 c - a +0 buckler (worn)
 d - a +0 chain mail (worn)
 s - a +0 cloak (worn)
Jewellery
 l - an amulet of reflection (around neck)
 t - a ring of protection from cold (left hand)
 w - a ring of poison resistance (right hand)
Wands
 o - a wand of polymorph (10)
 u - a wand of charming (20)
 x - a wand of light (9)
Scrolls
 b - a scroll of identify
 g - 4 scrolls of teleportation
 i - 3 scrolls of fog
Potions
 j - 3 potions of cancellation
 k - a potion of invisibility
 m - a potion of curing
 n - a potion of lignification
 q - 2 potions of flight
 r - a potion of berserk rage


   Skills:
 + Level 7.6 Fighting
 * Level 9.8 Axes
 + Level 7.5 Armour
 + Level 7.6 Shields


You had 8 spell levels left.
You didn't know any spells.
Your spell library contained the following spells:

 Spells                   Type           Power      Damage    Failure   Level
 Beastly Appendage        Tmut           0%         N/A       98%         1
 Cigotuvi's Dreadful Rot  Necr/Pois/Air  0%         N/A       99%         2
 Wereblood                Tmut           0%         N/A       99%         2
 Spider Form              Tmut/Pois      0%         N/A       100%        3
 Dispel Undead            Necr           0%         3d6       100%        4
 Death Channel            Necr           0%         N/A       100%        6


Dungeon Overview and Level Annotations

Branches:
Dungeon (8/15)             Temple (1/1) D:7
   Lair: D:8-11

Altars:
Ashenzari
Cheibriados
Dithmenos
Fedhas
Hepliaklqana
Kikubaaqudgha
Makhleb
Nemelex Xobeh
Okawaru
Qazlal
Ru
Trog
Uskayaw
Vehumet
Wu Jian
Xom
Yredelemnul
Zin
The Shining One


Innate Abilities, Weirdness & Mutations

You have a pair of horns on your head.
You reflexively headbutt those who attack you in melee.


Message History

You hit the bullfrog. You headbutt the bullfrog.
You kill the bullfrog!
You open the door.
A steam dragon comes into view.
The steam dragon hisses angrily.
Found a leather armour.
Found a stone staircase leading up.
The steam dragon breathes steam at you. The ball of steam hits you!!
There is an open door here.
You are engulfed in a cloud of scalding steam.
The steam dragon bites you. You block the steam dragon's attack.
The steam dragon breathes steam at you. The ball of steam hits you!
You hit the steam dragon but do no damage.
You are engulfed in a cloud of scalding steam.
The steam dragon breathes steam at you. The ball of steam hits you!
* * * LOW HITPOINT WARNING * * *
You barely miss the steam dragon. You headbutt the steam dragon.
The steam dragon is lightly wounded.
You are engulfed in a cloud of scalding steam.
* * * LOW HITPOINT WARNING * * *
You block the steam dragon's attack.
The steam dragon claws you but does no damage.
You hit the steam dragon but do no damage.
The steam dragon is lightly wounded.
You are engulfed in a cloud of scalding steam.
The steam dragon bites you!
* * * LOW HITPOINT WARNING * * *
The steam dragon claws you but does no damage.
You hit the steam dragon.
The steam dragon is lightly wounded.
The steam dragon bites you but does no damage.
The steam dragon claws you but does no damage.
The steam dragon bites you but does no damage.
The steam dragon claws you but does no damage.
You barely miss the steam dragon.
The steam dragon is lightly wounded.
You block the steam dragon's attack. The steam dragon claws you.
You die...

#.##.#.# ####### #>..###
#.##.#.# #.....# #....#.#
##..#.# #.####.# #+##
#.##..... #......# ##...##
#.....#.# #.###### ##.....##
#######.# #.##.## ##§......##
##.##.#
#.#...####.D.......####...#.#
#........'..@......+........†
#.#...####<...[....####...#.#
#.##.## ##.......## ##..#.#
#.#### ##.....## ## #.# #.#
##...## ... #.# #+## #.# .#.
#.# # # #.# #!#


You could see a steam dragon.

Vanquished Creatures
  Grinder (D:5)
  A hornet (D:8)
  Prince Ribbit (D:6)
  A wyvern (D:7)
  A steam dragon (D:8)
  Eustachio (D:6)
  Menkaure (D:7)
  Edmund (D:6)
  A sky beast (D:6)
  A black bear (D:5)
  3 ogres
  A phantom (D:4)
  A bullfrog (D:7)
  3 scorpions
  A jelly (D:5)
  An orc priest (D:3)
  2 hounds
  3 iguanas
  Ijyb (D:3)
  An orc wizard (D:3)
  7 adders
  A shadow imp (D:5)
  A white imp (D:5)
  2 ufetubi (D:5)
  2 worms
  3 dart slugs
  10 orcs
  5 bats
  5 endoplasms
  4 giant cockroaches
  8 goblins
  8 hobgoblins
  6 jackals
  7 quokkas
  10 ball pythons
  5 frilled lizards
  3 kobolds
  4 rats
118 creatures vanquished.

Vanquished Creatures (collateral kills)
  An adder (D:5)
  A quokka (D:5)
2 creatures vanquished.

Grand Total: 120 creatures vanquished

Notes
Turn   | Place    | Note
-------+----------+-------------------------------------------
     0 | D:1      | DeathPants the Minotaur Fighter began the quest for the
                  | Orb.
     0 | D:1      | Reached XP level 1. HP: 19/19 MP: 0/0
   112 | D:1      | Reached XP level 2. HP: 27/27 MP: 1/1
   266 | D:1      | Reached skill level 3 in Axes
   568 | D:1      | Found a faded altar of an unknown god.
   822 | D:2      | Reached XP level 3. HP: 33/33 MP: 2/2
  1278 | D:2      | Reached XP level 4. HP: 40/40 MP: 3/3
  1941 | D:3      | Reached skill level 4 in Axes
  1949 | D:3      | Reached XP level 5. HP: 34/47 MP: 4/4
  2019 | D:4      | Noticed an ogre
  2035 | D:4      | Killed an ogre
  2282 | D:4      | Noticed a phantom
  2286 | D:4      | Reached skill level 5 in Axes
  2292 | D:3      | Reached XP level 6. HP: 50/55 MP: 5/5
  2409 | D:3      | Noticed Ijyb
  2414 | D:3      | Killed Ijyb
  2499 | D:4      | Reached skill level 5 in Fighting
  2809 | D:5      | Entered Level 5 of the Dungeon
  2812 | D:5      | Reached skill level 5 in Shields
  2823 | D:5      | Reached skill level 5 in Armour
  2918 | D:5      | Reached skill level 6 in Axes
  3178 | D:4      | Reached XP level 7. HP: 57/61 MP: 6/6
  3421 | D:5      | Noticed Grinder
  3425 | D:5      | Paralysed by Grinder for 5 turns
  3448 | D:5      | Paralysed by Grinder for 3 turns
  3465 | D:5      | Killed Grinder
  3466 | D:5      | Reached skill level 7 in Axes
  3591 | D:5      | Reached XP level 8. HP: 68/70 MP: 7/7
  4152 | D:6      | Noticed Prince Ribbit
  4152 | D:6      | Noticed Eustachio
  4152 | D:6      | Noticed Edmund
  4163 | D:6      | Killed Eustachio
  4163 | D:6      | Killed Edmund
  4164 | D:6      | Reached skill level 8 in Axes
  4168 | D:6      | Killed Prince Ribbit
  4862 | D:7      | Noticed Menkaure
  4867 | D:7      | Killed Menkaure
  4868 | D:7      | Reached skill level 9 in Axes
  5083 | D:7      | Reached XP level 9. HP: 70/79 MP: 8/8
  5140 | D:7      | Found a staircase to the Ecumenical Temple.
  5192 | Temple   | Entered the Ecumenical Temple
  5304 | D:7      | HP: 2/80 [steam dragon (8)]
  5307 | D:7      | Slain by a steam dragon

Illustrated notes

Levels and vault maps discovered:
D:1:      lemuel_arrival_river_bridge, layout_rooms,
          chequers_ecumenical_altar_grove
D:2:      minmay_general_purpose_star, layout_loops_corners,
          kennysheep_generic_room_10
D:3:      layout_loops_ring, serial_rivers, chequers_serial_rivers_room_b,
          chequers_serial_rivers_micro_c, chequers_serial_rivers_micro_b,
          chequers_serial_rivers_micro_b, chequers_serial_rivers_micro_e,
          uniq_ijyb
D:4:      layout_rooms
D:5:      layout_rooms, uniq_grinder
D:6:      layout_gridville, uniq_prince_ribbit1, uniq_edmund, uniq_eustachio
D:7:      layout_loops_corners, minmay_temple_entry_antechambers,
          nicolae_fountain_basement, uniq_menkaure
D:8:      layout_basic, enter_bailey_2
Temple:   hellmonk_temple_of_storms

Skill      XL: |  1  2  3  4  5  6  7  8 |
---------------+-------------------------+-----
Axes           | 3 4 5 6 7 9 |  9.8
Fighting       | 4 5 6 7 |  7.6
Armour         | 4 5 6 7 |  7.5
Shields        | 4 5 6 7 |  7.6

Action                     |  1- 3 |  4- 6 |  7- 9 || total
---------------------------+-------+-------+-------++-------
  Melee: War axe           |    80 |   132 |   118 ||   330
         Headbutt          |     8 |    22 |    28 ||    58
  Throw: Dart              |       |     3 |     3 ||     6
    Use: Scroll            |       |    16 |     5 ||    21
         Potion            |       |       |     1 ||     1
 Armour: Scale mail        |    40 |    49 |    15 ||   104
         Chain mail        |       |       |    21 ||    21
  Dodge: Dodged            |    29 |    37 |    30 ||    96
  Block: Buckler           |    34 |    63 |    63 ||   160
         Reflection        |       |     1 |       ||     1

Table legend: (Time is in decaauts)
 A = Elapsed time spent in this place.
 B = Non-inter-level travel time spent in this place.
 C = Inter-level travel time spent in this place.
 D = Time resting spent in this place.
 E = Time spent auto-exploring this place.
 F = Levels seen in this place.
 G = Mean time per level.
                   A        B        C        D        E       F      G
               +--------+--------+--------+--------+--------+-----+--------+
         Total |   5405 |   5277 |    128 |     64 |   3722 |   9 |  600.6 |
       Dungeon |   5346 |   5218 |    128 |     64 |   3685 |   8 |  668.2 |
        Temple |     58 |     58 |      0 |      0 |     37 |   1 |   58.0 |
               +--------+--------+--------+--------+--------+-----+--------+

Top non-repeatable levels by time:
     D:2: 1181 daAuts
     D:6: 1105 daAuts
     D:3: 921 daAuts
     D:1: 689 daAuts
     D:5: 570 daAuts
     D:4: 443 daAuts
     D:7: 402 daAuts
  Temple: 58 daAuts
     D:8: 31 daAuts
